 Dungeon Crawl Stone Soup version 0.24.0-123-gd5b16e6ec5 (webtiles) character file.

Game seed: 14022680223449576717, levelgen mode: deterministic

46 Notrik the Slasher (level 3, -7/49 HPs)
             Began as a Minotaur Berserker on Feb 3, 2020.
             Was a Believer of Trog.
             Mangled by a gnoll
             ... wielding a +0 spear
              (8 damage)
             ... on level 2 of the Dungeon.
             The game lasted 00:02:57 (592 turns).

Notrik the Slasher (Minotaur Berserker)              Turns: 592, Time: 00:02:58

Health: -7/49      AC:  5    Str: 27    XL:     3   Next: 44%
Magic:  2/2        EV: 12    Int:  4    God:    Trog [**....]
Gold:   34         SH:  0    Dex:  9    Spells: 2/2 levels left

rFire    . . .     SeeInvis .   a - +0 falchion
rCold    . . .     Gourm    .   (no shield)
rNeg     . . .     Faith    .   i - +0 ring mail
rPois    .         Spirit   .   (helmet restricted)
rElec    .         Reflect  .   (no cloak)
rCorr    .         Harm     .   (no gloves)
MR       .....                  (no boots)
Stlth    ..........             (no amulet)
HPRegen  0.16/turn              (no ring)
MPRegen  0.08/turn              (no ring)

@: berserking (expiring), very quick
A: retaliatory headbutt, horns 2
a: Berserk, Trog's Hand, Renounce Religion


You were on level 2 of the Dungeon.
You worshipped Trog.
Trog was pleased with you.
You were not hungry.

You visited 1 branch of the dungeon, and saw 2 of its levels.

You collected 34 gold pieces.

Inventory:

Hand Weapons
 a - a +0 falchion (weapon)
Armour
 b - a +0 animal skin
 i - a +0 ring mail (worn)
   (You found it on level 1 of the Dungeon)
Scrolls
 c - a scroll of teleportation {unknown}
 g - a scroll of random uselessness {unknown}
 k - a scroll of magic mapping {unknown}
 l - a scroll of amnesia {unknown}
 o - a scroll of immolation {unknown}
Potions
 d - a potion of invisibility {unknown}
 h - 2 potions of agility {unknown}
 j - a potion of mutation {unknown}
 m - a potion of flight {unknown}
 n - 2 potions of heal wounds {unknown}
Comestibles
 e - 4 rations {!d}


   Skills:
 + Level 4.1 Fighting
 + Level 4.2 Long Blades
 + Level 3.1 Armour
 + Level 2.8 Dodging


You had 2 spell levels left.
You didn't know any spells.
Your spell library was empty.

Dungeon Overview and Level Annotations

Branches:
Dungeon (2/15)

Altars:


Innate Abilities, Weirdness & Mutations

You reflexively headbutt those who attack you in melee.
You have a pair of horns on your head.


Message History

You barely miss the gnoll. The gnoll barely misses you. x2
You hit the gnoll. Your headbutt misses the gnoll.
The gnoll closely misses you.
You riposte.
You hit the gnoll. You headbutt the gnoll.
You kill the gnoll!
Trog accepts your kill.
You have reached level 3!
Your experience leads to an increase in your attributes!
Increase (S)trength, (I)ntelligence, or (D)exterity?
You feel stronger.
The gnoll hits you from afar with a +0 spear.
* * * LOW HITPOINT WARNING * * *
A red film seems to cover your vision as you go berserk!
You feel yourself moving faster!
You feel mighty!
You feel a lot more hungry. The gnoll barely misses you.
You are too injured to fight recklessly!
You are too injured to fight recklessly!
You are too injured to fight recklessly!
You are too injured to fight recklessly!
You are too injured to fight recklessly!
You are too injured to fight recklessly!
You are too injured to fight recklessly!
You are too injured to fight recklessly!
You are too injured to fight recklessly!
You are too injured to fight recklessly!
You are too injured to fight recklessly!
You are too injured to fight recklessly!
You are too injured to fight recklessly!
You are too injured to fight recklessly!
You are too injured to fight recklessly!
You are too injured to fight recklessly!
You are too injured to fight recklessly!
You are too injured to fight recklessly!
You are too injured to fight recklessly!
You are too injured to fight recklessly!
You are too injured to fight recklessly!
You are too injured to fight recklessly!
You feel a strong urge to attack something.
The gnoll misses you.
You see here a gnoll corpse.
You slash the gnoll!
You kill the gnoll!
Trog accepts your kill.
You can now call upon Trog for regeneration and magic resistance.
The gnoll hits you from afar with a +0 spear.
* * * LOW HITPOINT WARNING * * *
Things that are here:
a +0 spear; a gnoll corpse You completely miss the gnoll.
The gnoll hits you with a +0 spear!
You die...

##....###.#####
##...........#
#..#####.##..#
#... #.##..#
#.###
#.##..######..
#.#
#.##..........
#
#.###.######..
#.# #†# #.# #@#
##.###g#####
#..........#
#.#.#####g..# #
....... ......#
#.#.### .#.# .#
#


You could see a gnoll.

Vanquished Creatures
  2 gnolls (D:2)
  A dart slug (D:1)
  A leopard gecko (D:1)
  4 giant cockroaches (D:1)
  5 goblins (D:1)
  2 hobgoblins (D:1)
  4 bats
  3 kobolds (D:1)
22 creatures vanquished.

Notes
Turn   | Place    | Note
-------+----------+-------------------------------------------
     0 | D:1      | Notrik the Minotaur Berserker began the quest for the Orb.
     0 | D:1      | Reached XP level 1. HP: 19/19 MP: 0/0
    87 | D:1      | Reached XP level 2. HP: 24/27 MP: 1/1
   587 | D:2      | Reached XP level 3. HP: 7/33 MP: 2/2
   590 | D:2      | Reached ** piety under Trog
   590 | D:2      | HP: 1/49 [gnoll/+0 spear (3)]
   592 | D:2      | Mangled by a gnoll

Levels and vault maps discovered:
D:1:      wander_arrival_chamber, layout_rooms, chequers_serial_rivers_large_a
D:2:      layout_loops_ring

Skill      XL: |  1  2 |
---------------+-------+-----
Fighting       | 4 |  4.1
Long Blades    | 4 |  4.2
Armour         | 3 |  3.1
Dodging        | |  2.8

Action                   || total
-------------------------++-------
Melee: Falchion          ||    46
       Headbutt          ||     5
Invok: Berserk           ||     1
Armor: Ring mail         ||    14
Dodge: Dodged            ||    43
       Rpst.: Falchion   ||    10
